 Dungeon Crawl Stone Soup version 0.28.0-49-g6dfe1f597d (webtiles) character file.

Game seed: 11653732394885957588

276 Exodus22XD the Chopper (level 6, -18/56 HPs)
             Began as a Deep Dwarf Fighter on May 14, 2022.
             Demolished by an ogre
             ... wielding a +0 giant club
              (19 damage)
             ... on level 4 of the Dungeon.
             The game lasted 00:02:26 (2247 turns).

Exodus22XD the Chopper (Deep Dwarf Fighter)         Turns: 2247, Time: 00:02:27

Health: -18/56     AC:  7    Str: 22    XL:     6   Next: 4%
Magic:  9/15 (6)   EV:  9    Int:  8    God:
Gold:   101        SH:  5    Dex: 17    Spells: 5/5 levels left

rFire   . . .      SeeInvis .   a - +0 war axe
rCold   . . .      Faith    .   c - +0 buckler
rNeg    . . .      Spirit   .   b - +0 scale mail
rPois   .          Reflect  .   (no helmet)
rElec   .          Harm     .   (no cloak)
rCorr   .          Rampage  .   (no gloves)
Will    .....                   (no boots)
Stlth   ..........              (no amulet)
HPRegen 0.00/turn               n - ring of Wadiciz {MP+9 Dex+5}
MPRegen 0.14/turn               (no ring)

@: no status effects
A: damage resistance, heal wounds, sense surroundings 1, no regeneration
a: Heal Wounds


You were on level 4 of the Dungeon.
You visited 1 branch of the dungeon, and saw 4 of its levels.

You collected 101 gold pieces.

Inventory:

Hand Weapons
 a - a +0 war axe (weapon)
Armour
 b - a +0 scale mail (worn)
 c - a +0 buckler (worn)
Jewellery
 n - the ring of Wadiciz (left hand) {MP+9 Dex+5}
   (You found it on level 3 of the Dungeon)

   [ring of magical power]

   Dex:       It affects your dexterity (+5).
   MP:        It affects your magic capacity (+9).
Wands
 j - a wand of charming (8)
 p - a wand of polymorph (3)
Scrolls
 d - a scroll of identify {unknown}
 g - a scroll of amnesia {unknown}
 h - a scroll of holy word {unknown}
 i - a scroll of teleportation {unknown}
 k - a scroll of fear {unknown}
 l - a scroll of summoning {unknown}
Potions
 e - 2 potions of curing {unknown}
 f - 2 potions of haste {unknown}
 m - 2 potions of heal wounds {unknown}
 o - a potion of berserk rage {unknown}


   Skills:
 + Level 3.5 Fighting
 + Level 4.9 Axes
 + Level 4.7 Armour
 + Level 3.9 Shields


You had 5 spell levels left.
You didn't know any spells.
Your spell library was empty.

Dungeon Overview and Level Annotations

Branches:
Dungeon (4/15)
 Temple: D:4-7

Altars:

Shops:
D:2 [


Innate Abilities, Weirdness & Mutations

You are resistant to damage.
You can heal yourself by infusing magical energy.
You passively map a small area around you.
You do not regenerate.


Message History

The adder is heavily wounded.
The adder bites you.
You hit the adder.
The adder is severely wounded.
You are no longer poisoned.
The adder closely misses you. The adder barely misses you.
You miss the adder.
The adder is severely wounded.
You block the adder's attack. The adder misses you.
You miss the adder.
The adder is severely wounded.
The adder bites you but does no damage.
You closely miss the adder.
The adder is severely wounded.
The adder bites you.
You are poisoned.
The adder poisons you! The adder bites you.
You hit the adder.
You kill the adder!
You have reached level 6!
You slash the giant cockroach!
You kill the giant cockroach!
You hit the ogre.
The ogre is moderately wounded.
The ogre barely misses you.
You barely miss the ogre.
The ogre is moderately wounded.
You block the ogre's attack.
You barely miss the ogre.
The ogre is moderately wounded.
You are no longer poisoned.
The ogre hits you with a +0 giant club!!
You hit the ogre.
The ogre is moderately wounded.
The ogre hits you with a +0 giant club!!
* * * LOW HITPOINT WARNING * * *
You slash the ogre!
The ogre is severely wounded.
The ogre hits you with a +0 giant club!!
You die...

, , , ## , , #.. *
, * , ..# , * #.#
, * #.. * ,
#.##..#########..#
, ,
#...gO@.........#,
,,, *
#...##....###...
#. #.....†.# , , ,
, ,#.....#.# , , ,
#.....#<# , ,
#.....#.# , +
,#.#.#.#.# ,
,#.#.#.#.# * ,,
,#.#.....# , .*


You could see an ogre and a goblin.

Vanquished Creatures
  Grinder (D:3)
  3 adders
  A worm (D:2)
  2 dart slugs
  4 endoplasms
  4 giant cockroaches
  4 goblins
  2 jackals (D:3)
  2 kobolds
  7 ball pythons
  3 bats
  4 frilled lizards
  3 rats
40 creatures vanquished.

Notes
Turn   | Place    | Note
-------+----------+-------------------------------------------
     0 | D:1      | Exodus22XD the Deep Dwarf Fighter began the quest for the
                  | Orb.
     0 | D:1      | Reached XP level 1. HP: 20/20 MP: 1/1
    76 | D:1      | Reached XP level 2. HP: 22/27 MP: 2/2
   798 | D:2      | Found Senu's Armour Emporium.
  1332 | D:2      | HP: 1/28 [adder (1)]
  1344 | D:2      | Reached XP level 3. HP: 17/34 MP: 3/3
  1372 | D:3      | Noticed Grinder
  1476 | D:3      | Killed Grinder
  1477 | D:3      | Reached XP level 4. HP: 6/42 MP: 4/4
  1477 | D:3      | Reached XP level 5. HP: 7/49 MP: 5/5
  1785 | D:3      | Identified the ring of Wadiciz {MP+9 Dex+5}
  2223 | D:4      | Noticed an ogre
  2242 | D:4      | Reached XP level 6. HP: 40/56 MP: 6/6
  2246 | D:4      | HP: 1/56 [ogre/+0 giant club (18)]
  2247 | D:4      | Demolished by an ogre

Illustrated notes

Levels and vault maps discovered:
D:1:      erik_arrival_orb_chamber, layout_basic
D:2:      layout_basic, serial_shops, shop
D:3:      layout_basic, uniq_grinder
D:4:      layout_basic, amethyst_killhole, minivault_25, minmay_vboxes

Skill      XL: |  1  2  3 |
---------------+----------+-----
Fighting       | 3 |  3.5
Axes           | 4 |  4.9
Armour         | 4 |  4.7
Shields        | |  3.9

Action                   |  1- 3 |  4- 6 || total
-------------------------+-------+-------++-------
Melee: War axe           |    93 |    73 ||   166
 Abil: Heal Wounds       |     1 |     1 ||     2
  Use: Potion            |     1 |       ||     1
Armor: Scale mail        |    48 |    38 ||    86
Dodge: Dodged            |    47 |    39 ||    86
Block: Buckler           |    24 |    25 ||    49
